 Dungeon Crawl Stone Soup version 0.30-a0-170-g85af917532 (webtiles) character file.

Game seed: 15295670983701143937

821 RepoMan the Poker (level 7, 0/50 HPs)
             Began as a Mummy Reaver on Oct 1, 2022.
             Slain by Duvessa
             ... wielding a +0 short sword
              (11 damage)
             ... on level 5 of the Dungeon.
             The game lasted 00:21:26 (5012 turns).

RepoMan the Poker (Mummy Reaver)                    Turns: 5012, Time: 00:21:27

Health: 0/50       AC:  3    Str: 18    XL:     7   Next: 63%
Magic:  11/11      EV: 15    Int: 12    God:
Gold:   213        SH:  0    Dex: 10    Spells: 10/11 levels left

rFire   x . .      SeeInvis .    a - +0 spear
rCold   + . .      Faith    +    (no shield)
rNeg    + + +      Spirit   .    b - +0 leather armour
rPois   ∞          Reflect  .    (no helmet)
rElec   .          Harm     .    (no cloak)
rCorr   .          Rampage  .    (no gloves)
Will    .....                    (no boots)
Stlth   +.........               (no amulet)
HPRegen 0.16/turn                k - +4 ring of evasion
MPRegen 0.12/turn                (no ring)

@: no status effects
A: cold resistance 1, negative energy resistance 3, torment resistance 2, heat
vulnerability 1, in touch with death 1, no potions, faith
a: no special abilities


You were on level 5 of the Dungeon.
You visited 1 branch of the dungeon, and saw 6 of its levels.

You collected 213 gold pieces.

Inventory:

Hand Weapons
 a - a +0 spear (weapon)
Missiles
 h - a stone (quivered)
Armour
 b - a +0 leather armour (worn)
 f - a +0 ring mail
Magical Staves
 d - a staff of fire
Jewellery
 k - a +4 ring of evasion (left hand)
Wands
 o - a wand of roots (2)
Scrolls
 c - 4 scrolls of teleportation
 e - a scroll of immolation
 g - 3 scrolls of vulnerability
 j - a scroll of blinking
 l - 3 scrolls of fog
 m - 2 scrolls of brand weapon {unknown}
 n - a scroll of torment {unknown}
 p - a scroll of enchant weapon {unknown}


   Skills:
 - Level 2.0 Fighting
 * Level 6.5 Polearms
 - Level 1.5 Dodging
 - Level 2.6 Spellcasting
 - Level 2.4 Conjurations
 - Level 4.4 Necromancy


You had 10 spell levels left.
You knew the following spells:

 Your Spells              Type           Power      Damage    Failure   Level
k - Kiss of Death         Conj/Necr      56%        2d9       8%          1

Your spell library contained the following spells:

 Spells                   Type           Power      Damage    Failure   Level
 Momentum Strike          Conj/Tloc      8%         3d8       28%         2
 Blink                    Tloc           2%         N/A       41%         2
 Hailstorm                Conj/Ice       4%         3d4       50%         3
 Lesser Beckoning         Tloc           1%         N/A       65%         3


Dungeon Overview and Level Annotations

Branches:
Dungeon (6/15)
 Temple: D:4-7

Altars:

Annotations:
D:2 exclusion: 2 downstairs
D:3 Sigmund
D:4 1 runed translucent door, Crazy Yiuf
D:5 Dowan, Duvessa


Innate Abilities, Weirdness & Mutations

You are immune to poison.
Your flesh is cold resistant. (rC+)
You are immune to negative energy. (rN+++)
You are immune to unholy pain and torment.
You are vulnerable to heat. (rF-)
You are in touch with the powers of death.
You do not drink.
You have a special connection with the divine. (Faith)


Message History

The grasping roots constrict the wight.
The wight struggles to escape constriction.
The grasping roots constrict the wight.
The roots release their grip on the wight.
Aiming: Fastroot
Press: ? - help, Shift-Dir - straight line, f/p - wight
Aim: a wight, wielding a +3 short sword and wearing a +0 robe (heavily damaged)
The roots erupt in riotous growth!
Roots grab the wight.
The grasping roots constrict the wight.
The wight struggles to escape constriction.
A wight comes into view. It is wielding a +4 short sword.
The grasping roots constrict the wight.
The roots release their grip on the wight.
A wight comes into view. It is wielding a +0 spear.
Reach: a) +0 spear
Press: ? - help, Dir - move target, f/p - wight
Aim: a wight, wielding a +3 short sword and wearing a +0 robe (almost destroyed, about 37% to evade your +0 spear)
You reach to attack!
You barely miss the wight.
The wight is almost destroyed.
Unknown command.
You closely miss the wight.
The wight is almost destroyed.
The wight hits you with a +3 short sword!
* * * LOW HITPOINT WARNING * * *
A wight comes into view. It is wielding a +2 flail of freezing.
Unknown command.
Aiming: Fastroot
Press: ? - help, Shift-Dir - straight line, f/p - wight
Aim: a wight, wielding a +3 short sword and wearing a +0 robe (almost destroyed)
The roots erupt in riotous growth!
Roots grab the wight.
The grasping roots constrict the wight.
You destroy the wight!
A scorpion comes into view.
There is a stone staircase leading up here.
You climb upwards.
Level annotation: Dowan, Duvessa Duvessa hits you with a +0 short sword!
You die...

#..............#
+..............# .
#..............# ..
#+####.####....#
... ###)#########
.... #...........#
..... #...........#
......#...........#
....(.'......e@...#
......#...........#
..... #...........#
.... #...#########
#.. #...# #. #...#
# #...# #...#


You could see Duvessa.

Vanquished Creatures
  Eustachio (D:5)
  A scorpion (D:6)
  2 wights (D:6)
  2 jellies (D:6)
  A hound (D:5)
  2 iguanas
  2 orc wizards
  5 adders
  A worm (D:2)
  A dart slug (D:1)
  7 orcs
  6 endoplasms
  4 giant cockroaches
  8 goblins
  9 hobgoblins
  A kobold (D:1)
  2 quokkas
  5 ball pythons
  4 bats (D:1)
  2 frilled lizards
  8 rats
74 creatures vanquished.

Vanquished Creatures (collateral kills)
  Grinder (D:5)
  An adder (D:2)
  An ufetubus (D:5)
  A hobgoblin (D:2)
  A ball python (D:2)
  2 bats (D:2)
7 creatures vanquished.

Vanquished Creatures (others)
  6 plants
6 creatures vanquished.

Grand Total: 87 creatures vanquished

Notes
Turn   | Place    | Note
-------+----------+-------------------------------------------
     0 | D:1      | RepoMan the Mummy Reaver began the quest for the Orb.
     0 | D:1      | Reached XP level 1. HP: 16/16 MP: 4/4
   237 | D:1      | Reached XP level 2. HP: 22/22 MP: 5/5
   358 | D:1      | Reached skill level 1 in Necromancy
   551 | D:1      | Reached skill level 3 in Polearms
   959 | D:1      | Gained mutation: You are in touch with the powers of death.
                  | [Mummy growth]
   959 | D:1      | Reached XP level 3. HP: 27/27 MP: 7/7
  1934 | D:2      | Reached XP level 4. HP: 18/33 MP: 8/8
  2306 | D:3      | Identified the +0 leather armour of Polish {+Inv rC- Str+4
                  | Int+3}
  2383 | D:3      | Noticed Sigmund
  2757 | D:4      | Reached skill level 4 in Polearms
  3105 | D:4      | Reached XP level 5. HP: 8/29 MP: 5/9
  3499 | D:4      | Found a runed translucent door.
  3500 | D:4      | Noticed Crazy Yiuf
  3676 | D:5      | Entered Level 5 of the Dungeon
  3800 | D:5      | Noticed Eustachio
  3815 | D:5      | Killed Eustachio
  3816 | D:5      | Reached XP level 6. HP: 13/44 MP: 8/10
  4056 | D:5      | Noticed Grinder
  4067 | D:5      | Killed Grinder
  4068 | D:5      | Reached skill level 5 in Polearms
  4340 | D:5      | Noticed Duvessa
  4340 | D:5      | Noticed Dowan
  4424 | D:5      | Reached XP level 7. HP: 41/46 MP: 11/11
  4686 | D:6      | Reached skill level 6 in Polearms
  5012 | D:5      | Slain by Duvessa

Illustrated notes

Levels and vault maps discovered:
D:1:      dpeg_arrival_refuge, layout_basic, serial_forest,
          infiniplex_forest_clump_medium, infiniplex_forest_lined_4_way,
          infiniplex_forest_clump_medium, infiniplex_forest_clump_small,
          infiniplex_forest_split, infiniplex_forest_straight_2
D:2:      layout_basic, serial_rivers, chequers_serial_rivers_large_a,
          chequers_serial_rivers_micro_b, chequers_serial_rivers_room_b,
          chequers_serial_rivers_small_3, chequers_serial_rivers_micro_e,
          minivault_26, serial_bayou_crossing
D:3:      layout_rooms, nicolae_uskayaw_murder_on_the_dancefloor,
          ebering_ecumenical_altar_rust, grunt_decor_mini_mirrors,
          minmay_pentomino_pile, uniq_sigmund
D:4:      layout_loops_ring, hangedman_decor_opposing, uniq_crazy_yiuf_cottage
D:5:      layout_gridville, mainiacjoe_overflow_alcove_1,
          minmay_temple_entry_overgrown, chequers_hall_statues_y, uniq_duvessa,
          uniq_eustachio, uniq_ijyb, uniq_grinder
D:6:      layout_cave_pools, kennysheep_ying_yang

Skill      XL: |  1  2  3  4  5  6  7 |
---------------+----------------------+-----
Necromancy     | 1 2 3 4 |  4.4
Polearms       | 3 4 5 6 |  6.5
Fighting       | |  2.0
Dodging        | |  1.5
Spellcasting   | |  2.6
Conjurations   | |  2.4

Action                   |  1- 3 |  4- 6 |  7- 9 || total
-------------------------+-------+-------+-------++-------
Melee: Spear             |   151 |   150 |    69 ||   370
       Punch             |     1 |       |     1 ||     2
Throw: Stone             |    16 |    29 |     3 ||    48
 Cast: Kiss of Death     |       |     4 |       ||     4
Evoke: Wand              |       |     4 |     5 ||     9
  Use: Scroll            |     1 |     8 |       ||     9
Armor: Leather armour    |    21 |    12 |     7 ||    40
Dodge: Dodged            |    60 |    87 |    32 ||   179

Table legend: (Time is in decaauts)
 A = Elapsed time spent in this place.
 B = Non-inter-level travel time spent in this place.
 C = Inter-level travel time spent in this place.
 D = Time resting spent in this place.
 E = Time spent auto-exploring this place.
 F = Levels seen in this place.
 G = Mean time per level.
                   A        B        C        D        E       F      G
               +--------+--------+--------+--------+--------+-----+--------+
         Total |   5002 |   4819 |    183 |   1581 |   1994 |   6 |  833.7 |
       Dungeon |   5002 |   4819 |    183 |   1581 |   1994 |   6 |  833.7 |
               +--------+--------+--------+--------+--------+-----+--------+

Top non-repeatable levels by time:
     D:1: 1434 daAuts
     D:4: 1208 daAuts
     D:5: 1020 daAuts
     D:2: 933 daAuts
     D:6: 295 daAuts
     D:3: 108 daAuts
